 Dungeon Crawl Stone Soup version 0.28.0-53-g5a82cb258f (webtiles) character file.

Game seed: 14369032175908912048

131 mcbry74 the Magician (level 5, -12/40 HPs)
             Began as a Gnoll Wanderer on July 20, 2022.
             Was a High Priest of Ignis.
             Killed by divine providence
             ... invoked by an orc priest
              (14 damage)
             ... on level 3 of the Dungeon.
             The game lasted 00:09:42 (2923 turns).

mcbry74 the Magician (Gnoll Wanderer)               Turns: 2923, Time: 00:09:43

Health: -12/40     AC: 27    Str:  9    XL:     5   Next: 14%
Magic:  12/14      EV:  4    Int: 22    God:    Ignis [*****.]
Gold:   57         SH:  0    Dex: 11    Spells: 17/18 levels left

rFire   + . .      SeeInvis .   a - +0 dagger
rCold   . . .      Faith    .   (no shield)
rNeg    . . .      Spirit   .   r - +18 Lear's hauberk
rPois   .          Reflect  .   (helmet currently unavailable)
rElec   .          Harm     .   (no cloak)
rCorr   .          Rampage  .   (gloves currently unavailable)
Will    .....                   (boots currently unavailable)
Stlth   ..........              (no amulet)
HPRegen 0.13/turn               m - +6 ring of intelligence
MPRegen 0.14/turn               (no ring)

@: no status effects
A: fangs 1, strong nose, distributed training
a: Renounce Religion, Fiery Armour, Foxfire Swarm, Rising Flame


You were on level 3 of the Dungeon.
You worshipped Ignis.
Ignis was extremely pleased with you.
You visited 1 branch of the dungeon, and saw 3 of its levels.

You collected 57 gold pieces.

Inventory:

Hand Weapons
 a - a +0 dagger (weapon)
 g - a +0 mace
Missiles
 d - 81 arrows
 e - 16 sling bullets
 h - 86 stones
 i - a throwing net
 p - 25 bolts
Armour
 b - a +0 robe
 c - a +0 pair of boots
 r - the +18 Lear's hauberk (worn)
   (You found it on level 3 of the Dungeon)
Jewellery
 m - a +6 ring of intelligence (left hand)
Scrolls
 k - a scroll of immolation {unknown}
 l - a scroll of enchant weapon {unknown}
 n - 2 scrolls of blinking {unknown}
 o - a scroll of teleportation {unknown}
Potions
 f - a potion of lignification {unknown}
 j - a potion of curing {unknown}
 q - a potion of cancellation {unknown}


   Skills:
 + Level 2.9 Fighting
 + Level 1.4 Short Blades
 + Level 1.4 Long Blades
 + Level 1.4 Axes
 + Level 1.4 Maces & Flails
 + Level 1.4 Polearms
 + Level 1.4 Staves
 + Level 1.4 Slings
 + Level 1.4 Bows
 + Level 1.4 Crossbows
 + Level 1.4 Throwing
 + Level 2.9 Armour
 + Level 1.4 Dodging
 + Level 2.7 Stealth
 + Level 1.4 Shields
 + Level 1.4 Unarmed Combat
 + Level 7.2 Spellcasting
 + Level 7.2 Conjurations
 + Level 1.1 Hexes
 + Level 1.1 Summonings
 + Level 1.1 Necromancy
 + Level 1.1 Translocations
 + Level 1.1 Transmutations
 + Level 1.1 Fire Magic
 + Level 1.1 Ice Magic
 + Level 1.1 Air Magic
 + Level 1.1 Earth Magic
 + Level 1.1 Poison Magic
 + Level 1.5 Invocations
 + Level 1.4 Evocations


You had 17 spell levels left.
You knew the following spells:

 Your Spells              Type           Power      Damage    Failure   Level
a - Magic Dart            Conj           100%       1d8       36%         1

Your spell library contained the following spells:

 Spells                   Type           Power      Damage    Failure   Level
 Hailstorm                Conj/Ice       26%        3d7       100%        4
 Iskenderun's Mystic Bla  Conj/Tloc      26%        2d7       100%        4


Dungeon Overview and Level Annotations

Branches:
Dungeon (3/15)

Altars:
Ignis


Innate Abilities, Weirdness & Mutations

You have very sharp teeth.
Your uncanny sense of smell can sniff out nearby items.
Your experience applies equally to all skills.


Message History

Beogh smites you! Something hits you but does no damage.
You barely miss something.
Something hits you but does no damage. x2
You hit something.
You hear some strange, mumbled words.
Something tries to affect you, but you resist.
You barely miss something.
The orc priest invokes the aid of Beogh against you.
Something writhes in agony.
Something hits you but does no damage.
You hit something but do no damage. Something hits you but does no damage.
You barely miss something. Your bite misses something.
You hear some strange, mumbled words.
You are confused.
You completely miss something. Something hits you but does no damage.
The orc priest invokes the aid of Beogh against you.
Beogh smites you!
* * * LOW HITPOINT WARNING * * *
You bump into the rock wall.
Something hits you.
* * * LOW HITPOINT WARNING * * *
You hear some strange, mumbled words.
A puff of flame appears from out of thin air!
The puff of flame hits you but does no damage.
You closely miss something. Something hits you but does no damage.
Something hits you but does no damage. x2
Your magical contamination has completely faded away.
You bump into the rock wall.
Something hits you but does no damage.
You closely miss something.
You feel less confused. Something hits you but does no damage.
Something hits you.
* * * LOW HITPOINT WARNING * * *
An orc wizard appears from thin air!
Reactivating autopickup.
The orc wizard gestures at you while chanting.
You resist with some effort.
The orc wizard points at you and mumbles some strange words.
The puff of flame hits you. You resist.
* * * LOW HITPOINT WARNING * * *
Unknown command.
The orc priest invokes the aid of Beogh against you.
Beogh smites you!
You die...

.....# ##.....## ##...#####
.###.# ##...## ##.## .# #.#
##'## #.# .###.# #.# #.#
.....# #.# #.# ##.###
######.####### #.# #.#
#........#...# #.# #.#
#.##.......#.# #.# #.#
#.##....@#...# #.#
#.######.##.#.#.##.######†#
#...........#.#.##........#
########.####.#.###########
#.####.#o# #.......o##
#......÷..# #.####.##.#
#.......#.#


You could see an orc priest and an orc wizard.

Vanquished Creatures
  A hound (D:2)
  An orc priest (D:3)
  3 adders (D:3)
  A worm (D:2)
  A dart slug (D:2)
  An orc (D:3)
  4 endoplasms
  A giant cockroach (D:3)
  6 goblins
  3 hobgoblins
  4 jackals (D:1)
  4 kobolds (D:1)
  A quokka (D:1)
  3 ball pythons
  A bat (D:2)
  4 frilled lizards
  2 rats (D:3)
41 creatures vanquished.

Vanquished Creatures (others)
  19 plants (D:2)
19 creatures vanquished.

Grand Total: 60 creatures vanquished

Notes
Turn   | Place    | Note
-------+----------+-------------------------------------------
     0 | D:1      | mcbry74 the Gnoll Wanderer began the quest for the Orb.
     0 | D:1      | mcbry74 set off with the following items: a +0 dagger, a +0
                  | robe, a +0 pair of boots; and the following spell
                  | memorised: Magic Dart; and the following spells available
                  | to memorise: Hailstorm, Iskenderun's Mystic Blast
     0 | D:1      | Reached XP level 1. HP: 17/17 MP: 8/8
   228 | D:1      | Reached XP level 2. HP: 23/23 MP: 7/10
   254 | D:1      | Found a faded altar of an unknown god.
   259 | D:1      | Prayed at the altar of an unknown god.
   259 | D:1      | Became a worshipper of Ignis, the Dying Flame
  1559 | D:2      | Reached XP level 3. HP: 28/28 MP: 2/11
  2055 | D:2      | Reached skill level 1 in Short Blades
  2055 | D:2      | Reached skill level 1 in Long Blades
  2055 | D:2      | Reached skill level 1 in Axes
  2055 | D:2      | Reached skill level 1 in Maces & Flails
  2055 | D:2      | Reached skill level 1 in Polearms
  2055 | D:2      | Reached skill level 1 in Staves
  2055 | D:2      | Reached skill level 1 in Slings
  2055 | D:2      | Reached skill level 1 in Bows
  2055 | D:2      | Reached skill level 1 in Crossbows
  2055 | D:2      | Reached skill level 1 in Throwing
  2055 | D:2      | Reached skill level 1 in Dodging
  2055 | D:2      | Reached skill level 1 in Shields
  2055 | D:2      | Reached skill level 1 in Unarmed Combat
  2055 | D:2      | Reached skill level 1 in Invocations
  2055 | D:2      | Reached skill level 1 in Evocations
  2055 | D:2      | Reached XP level 4. HP: 34/34 MP: 8/13
  2515 | D:3      | Reached skill level 1 in Hexes
  2515 | D:3      | Reached skill level 1 in Summonings
  2515 | D:3      | Reached skill level 1 in Necromancy
  2515 | D:3      | Reached skill level 1 in Translocations
  2515 | D:3      | Reached skill level 1 in Transmutations
  2515 | D:3      | Reached skill level 1 in Fire Magic
  2515 | D:3      | Reached skill level 1 in Ice Magic
  2515 | D:3      | Reached skill level 1 in Air Magic
  2515 | D:3      | Reached skill level 1 in Earth Magic
  2515 | D:3      | Reached skill level 1 in Poison Magic
  2583 | D:3      | Found the +18 Lear's hauberk
  2897 | D:3      | Reached XP level 5. HP: 26/40 MP: 8/14
  2904 | D:3      | HP: 2/40 [orc priest/divine providence (14)]
  2911 | D:3      | HP: 1/40 [something (1)]
  2921 | D:3      | HP: 1/40 [orc wizard/puff of flame (1)]
  2923 | D:3      | Killed from afar by an orc priest

Illustrated notes

Levels and vault maps discovered:
D:1:      dpeg_arrival_morbid_curiosity, layout_loops_corners,
          basic_ecumenical_altar
D:2:      layout_loops_cross, minmay_hedge_maze, serial_bayou_lagoon_a
D:3:      layout_loops_corners

Skill      XL: |  1  2  3  4 |
---------------+-------------+-----
Short Blades   | 1 |  1.4
Long Blades    | 1 |  1.4
Axes           | 1 |  1.4
Maces & Flails | 1 |  1.4
Polearms       | 1 |  1.4
Staves         | 1 |  1.4
Slings         | 1 |  1.4
Bows           | 1 |  1.4
Crossbows      | 1 |  1.4
Throwing       | 1 |  1.4
Dodging        | 1 |  1.4
Shields        | 1 |  1.4
Unarmed Combat | 1 |  1.4
Invocations    | 1 |  1.5
Evocations     | 1 |  1.4
Hexes          | 1 |  1.1
Summonings     | 1 |  1.1
Necromancy     | 1 |  1.1
Translocations | 1 |  1.1
Transmutations | 1 |  1.1
Fire Magic     | 1 |  1.1
Ice Magic      | 1 |  1.1
Air Magic      | 1 |  1.1
Earth Magic    | 1 |  1.1
Poison Magic   | 1 |  1.1
Fighting       | |  2.9
Armour         | |  2.9
Stealth        | |  2.7
Spellcasting   | |  7.2
Conjurations   | |  7.2

Action                   |  1- 3 |  4- 6 || total
-------------------------+-------+-------++-------
Melee: Dagger            |     9 |    37 ||    46
       Bite              |     1 |     3 ||     4
       Punch             |     1 |     1 ||     2
 Cast: Magic Dart        |    61 |    29 ||    90
Armor: Chain mail        |       |    29 ||    29
       Robe              |       |     1 ||     1
Dodge: Dodged            |     4 |     7 ||    11
